Map: Dead of Night

Players

NamroodTuo

  • Race: Terran Terran
  • Spawn Location: 0:00

LordVortec

  • Race: Protoss Protoss
  • Spawn Location: 0:00

VOD

Have the link to the VOD?

Description

Time

  • Played on: Jan. 26, 2023, 11:11 a.m.
  • Length: 33:56
Show
View Real Time Build Order
Export as new Build Order

NamroodTuo Terran 

Build Orders:  

Get SALT Encoding   

  12  0:04  SCV  
  13  0:17  SCV  
  14  0:29  Supply Depot  
  14  0:36  SCV  
  15  0:49  SCV  
  16  1:03  SCV  
  17  1:16  SCV  
  18  1:24  Factory  
  18  1:30  SCV  
  19  1:44  SCV  
  19  1:48  Supply Depot  
  20  1:57  SCV  
  20  1:59  Perdition Turret  
  21  2:10  Perdition Turret  
  21  2:11  SCV  
  22  2:24  SCV  
  23  2:30  Perdition Turret  
  23  2:38  SCV  
  24  2:41  Perdition Turret  
  24  2:51  SCV  
  25  3:05  SCV  
  25  3:09  Devastation Turret  
  26  3:18  SCV  
  27  3:25  Devastation Turret  
  27  3:32  SCV  
  28  3:41  Devastation Turret  
  28  3:46  SCV  
  29  3:55  Perdition Turret  
  29  4:06  Devastation Turret  
  20  4:22  Devastation Turret  
  20  4:29  Perdition Turret x2  
  14  4:36  Devastation Turret  
  8  4:41  SCV, Perdition Turret  
  5  4:54  Perdition Turret x2  
  5  4:55  SCV  
  5  4:57  Perdition Turret  
  6  5:00  Perdition Turret  
  6  5:02  Perdition Turret x2  
  6  5:08  SCV  
  7  5:10  Perdition Turret  
  7  5:19  Perdition Turret x2  
  7  5:22  SCV  
  8  5:31  Perdition Turret  
  8  5:32  Perdition Turret  
  8  5:34  Perdition Turret  
  8  5:35  SCV  
  9  5:41  Perdition Turret x2  
  9  5:42  Perdition Turret  
  9  5:44  Perdition Turret  
  9  5:45  Perdition Turret x2  
  9  5:47  Perdition Turret  
  9  5:49  SCV  
  10  6:02  SCV  
  10  6:07  Perdition Turret  
  10  6:09  Perdition Turret  
  11  6:15  Perdition Turret  
  11  6:16  SCV  
  11  6:17  Perdition Turret x3  
  12  6:20  Perdition Turret x2  
  12  6:24  Perdition Turret  
  12  6:29  SCV  
  12  6:32  Perdition Turret  
  12  6:34  Perdition Turret x2  
  12  6:36  Perdition Turret  
  13  6:42  SCV  
  14  6:50  Perdition Turret x2  
  14  6:51  Armory, Perdition Turret  
  14  6:53  SCV, Perdition Turret  
  14  6:56  Perdition Turret  
  14  6:57  Refinery  
  15  7:01  Perdition Turret  
  15  7:03  Perdition Turret x2  
  15  7:06  Perdition Turret  
  15  7:09  Perdition Turret  
  13  7:10  Perdition Turret x2  
  13  7:12  Perdition Turret  
  13  7:16  SCV  
  14  7:25  Perdition Turret  
  14  7:26  Perdition Turret x2  
  14  7:27  SCV  
  14  7:31  Perdition Turret  
  14  7:38  SCV  
  15  7:47  Refinery  
  15  7:49  SCV  
  17  8:00  SCV  
  18  8:11  SCV  
  19  8:22  SCV  
  20  8:33  SCV  
  21  8:44  SCV  
  22  8:55  SCV  
  22  8:59  Refinery  
  23  9:06  SCV  
  24  9:17  SCV  
  24  9:28  SCV  
  25  9:35  Advanced Optics  
  25  9:39  SCV  
  26  9:46  Engineering Bay  
  27  9:50  SCV  
  28  10:02  SCV  
  29  10:13  SCV  
  30  10:24  SCV  
  30  10:28  Spinning Dizzy  
  31  10:39  Spinning Dizzy  
  31  10:58  Devastation Turret  
  31  11:15  Devastation Turret  
  31  11:32  Perdition Turret, Upgrade Laser Drill Level 1  
  31  11:49  Perdition Turret x2  
  31  11:52  Devastation Turret x2  
  31  11:56  Perdition Turret x2  
  31  12:03  Devastation Turret  
  31  12:09  Perdition Turret x3  
  31  12:10  Perdition Turret  
  31  12:11  Perdition Turret  
  31  12:14  Perdition Turret x2  
  31  12:17  Perdition Turret x2  
  31  12:18  Perdition Turret  
  31  12:21  Perdition Turret x2  
  31  12:26  Perdition Turret x2  
  31  12:29  Perdition Turret  
  31  12:32  Devastation Turret  
  31  12:37  Devastation Turret  
  31  12:43  Perdition Turret x2  
  31  12:45  Perdition Turret x3  
  31  12:49  Perdition Turret x2  
  31  12:51  Perdition Turret x3, Devastation Turret  
  31  12:58  Perdition Turret x2  
  31  12:59  Perdition Turret x2  
  31  13:02  SCV  
  31  13:03  Perdition Turret  
  31  13:06  Perdition Turret, Devastation Turret  
  31  13:08  Perdition Turret  
  31  13:11  Perdition Turret  
  31  13:13  Devastation Turret  
  31  13:15  Perdition Turret  
  31  13:17  Perdition Turret  
  31  13:21  Perdition Turret  
  31  13:23  Regenerative Bio-Steel  
  31  13:24  SCV  
  31  13:25  Fire-Suppression Systems  
  30  13:32  Perdition Turret  
  30  13:35  SCV  
  31  13:43  Perdition Turret  
  31  13:48  Supply Depot  
  31  13:49  Perdition Turret  
  31  13:50  SCV  
  31  13:54  Perdition Turret  
  31  13:59  Devastation Turret  
  28  14:16  Supply Depot  
  28  14:45  SCV  
  29  14:56  SCV  
  30  15:07  SCV  
  30  15:15  Perdition Turret  
  30  15:18  SCV  
  31  15:27  Perdition Turret  
  31  15:29  SCV  
  32  15:38  Perdition Turret  
  33  15:40  Perdition Turret, Devastation Turret  
  33  15:42  Devastation Turret  
  33  16:03  SCV, Perdition Turret  
  34  16:14  SCV  
  35  16:25  SCV  
  35  16:27  Perdition Turret  
  36  16:33  Spinning Dizzy  
  36  16:37  SCV  
  37  16:46  Devastation Turret  
  37  16:47  Devastation Turret  
  37  16:48  SCV  
  37  16:51  Perdition Turret  
  38  17:03  SCV  
  38  17:05  Spinning Dizzy  
  39  17:14  SCV  
  40  17:25  SCV  
  40  17:27  Devastation Turret  
  41  17:31  Devastation Turret  
  41  17:36  SCV  
  42  17:44  KMC Auto-Loaders  
  42  17:47  SCV  
  42  17:52  Devastation Turret  
  43  18:22  Perdition Turret  
  43  18:44  Devastation Turret  
  43  18:46  Perdition Turret  
  43  18:52  Perdition Turret  
  43  18:53  Perdition Turret  
  43  19:04  Spinning Dizzy  
  43  19:10  Perdition Turret  
  43  19:18  Devastation Turret  
  43  19:30  Devastation Turret  
  43  19:31  Devastation Turret  
  43  19:33  Perdition Turret  
  43  19:36  Spinning Dizzy, Devastation Turret  
  43  19:42  Perdition Turret  
  43  19:43  Perdition Turret x2  
  40  19:51  Perdition Turret x3  
  40  19:57  Perdition Turret x2  
  40  19:58  Perdition Turret  
  39  20:00  Perdition Turret x2  
  39  20:05  Perdition Turret  
  39  20:07  Perdition Turret x3  
  39  20:11  Perdition Turret  
  39  20:13  Factory Tech Reactor  
  39  20:17  Upgrade Laser Drill Level 2  
  39  20:34  Devastation Turret  
  39  20:36  Devastation Turret  
  39  20:38  Devastation Turret  
  39  20:43  Perdition Turret  
  39  20:53  Spinning Dizzy, Devastation Turret  
  39  20:55  Devastation Turret  
  39  20:58  Perdition Turret  
  39  20:59  Perdition Turret x2  
  39  21:08  Spinning Dizzy  
  39  21:10  Perdition Turret  
  39  21:11  Perdition Turret  
  39  21:14  Perdition Turret  
  39  21:18  Perdition Turret  
  39  21:20  Perdition Turret  
  39  21:21  Perdition Turret x3, Spinning Dizzy, Devastation Turret  
  39  21:22  Spinning Dizzy  
  39  21:23  Perdition Turret  
  39  21:24  Spinning Dizzy  
  39  21:32  Structure Armor  
  39  21:40  Perdition Turret x2  
  39  21:41  Perdition Turret  
  39  21:55  Devastation Turret  
  39  21:57  Devastation Turret  
  39  22:02  Perdition Turret  
  39  22:06  Perdition Turret x2  
  39  22:09  Perdition Turret  
  39  22:13  Perdition Turret  
  39  22:19  Perdition Turret  
  39  22:24  Terran Vehicle and Ship Weapons Level 1  
  39  22:29  SCV  
  39  22:32  Hi-Sec Auto Tracking  
  40  22:40  SCV  
  41  22:53  Thor  
  47  23:04  Supply Depot  
  47  23:14  SCV  
  47  23:19  Supply Depot  
  48  23:25  SCV  
  49  23:35  Supply Depot  
  49  23:36  SCV, Supply Depot  
  50  24:06  Supply Depot  
  50  24:08  Supply Depot  
  50  24:20  Perdition Turret  
  50  24:24  Perdition Turret  
  50  24:33  Perdition Turret  
  50  24:34  Devastation Turret  
  50  24:45  Perdition Turret  
  50  24:48  Perdition Turret  
  50  25:02  Devastation Turret  
  50  25:03  Spinning Dizzy, Terran Vehicle And Ship Armor Level 1, Devastation Turret  
  50  25:04  Thor  
  56  25:26  Starport  
  56  25:32  330mm Barrage Cannon  
  56  25:54  Thor  
  62  26:16  Perdition Turret  
  62  26:17  Perdition Turret  
  62  26:26  Starport Tech Reactor  
  62  26:30  Thor  
  62  26:31  Perdition Turret x2  
  68  26:59  Perdition Turret x3  
  68  27:01  Perdition Turret  
  68  27:02  Perdition Turret x2  
  68  27:13  Perdition Turret x2  
  68  27:14  Perdition Turret  
  67  27:22  Perdition Turret  
  67  27:26  Science Vessel x2  
  71  27:30  Perdition Turret  
  71  27:35  Perdition Turret x2  
  71  27:36  Perdition Turret  
  71  27:38  Perdition Turret  
  71  27:40  Thor x2  
  71  27:42  Perdition Turret  
  71  27:43  Terran Vehicle and Ship Weapons Level 2  
  71  27:44  Perdition Turret x2  
  71  27:46  Perdition Turret x3  
  71  27:47  Perdition Turret x2  
  81  27:50  Perdition Turret  
  81  27:51  Perdition Turret x2  
  81  28:00  Perdition Turret x3  
  81  28:06  Perdition Turret x2  
  81  28:07  Perdition Turret x2  
  81  28:08  Perdition Turret  
  81  28:11  Perdition Turret  
  81  28:12  Perdition Turret x2  
  81  28:13  Perdition Turret x2  
  81  28:14  Science Vessel x2  
  85  28:21  Thor, Perdition Turret x3  
  85  28:22  Devastation Turret  
  85  28:23  Perdition Turret x2, Devastation Turret  
  85  28:25  Devastation Turret  
  85  28:28  Perdition Turret, Devastation Turret  
  91  28:32  Perdition Turret  
  91  28:33  Perdition Turret x2  
  91  28:35  Perdition Turret  
  91  28:38  Perdition Turret  
  91  28:42  Perdition Turret  
  91  28:43  Perdition Turret x2  
  91  28:44  Perdition Turret  
  91  28:48  Perdition Turret  
  91  28:49  Perdition Turret  
  91  28:51  Perdition Turret x4  
  91  28:52  Spinning Dizzy x2  
  91  28:56  Perdition Turret x2  
  91  29:02  Perdition Turret  
  91  29:05  Perdition Turret x2  
  91  29:06  Perdition Turret  
  90  29:10  Supply Depot  
  90  29:12  Perdition Turret x2  
  90  29:13  Perdition Turret x2  
  90  29:18  Thor, Perdition Turret x2  
  90  29:20  Perdition Turret x2  
  90  29:22  Perdition Turret  
  90  29:27  Perdition Turret x3  
  96  29:31  Perdition Turret, Supply Depot  
  96  29:32  Perdition Turret x3  
  96  29:33  Perdition Turret  
  96  29:35  Perdition Turret x3  
  96  29:36  Perdition Turret  
  96  29:38  Perdition Turret  
  96  29:39  Perdition Turret x2  
  96  29:41  Perdition Turret x2  
  96  29:45  Thor, Perdition Turret x2  
  96  29:46  Perdition Turret  
  96  29:49  Perdition Turret  
  96  29:57  Thor  
  102  30:06  Perdition Turret  
  102  30:09  Supply Depot  
  108  30:11  Supply Depot  
Show
View Real Time Build Order
Export as new Build Order

LordVortec Protoss 

Build Orders:  

Get SALT Encoding   

  12  0:04  Probe (Chrono Boost)  
  13  0:18  Probe (Chrono Boost)  
  14  0:32  Assimilator  
  14  0:39  Assimilator  
  14  0:44  Assimilator  
  14  0:47  Probe (Chrono Boost)  
  15  1:15  Pylon  
  15  1:31  Pylon  
  15  1:40  Probe (Chrono Boost)  
  16  1:54  Probe (Chrono Boost)  
  17  2:08  Probe (Chrono Boost)  
  18  2:17  Gateway  
  18  2:21  Probe (Chrono Boost)  
  18  2:25  Forge  
  19  2:35  Probe (Chrono Boost)  
  20  2:49  Probe (Chrono Boost)  
  21  3:03  Probe (Chrono Boost), Forge  
  22  3:17  Probe (Chrono Boost)  
  23  3:23  Forge  
  23  3:31  Probe (Chrono Boost), Pylon  
  23  3:35  Pylon  
  24  3:45  Probe (Chrono Boost)  
  25  3:59  Probe (Chrono Boost)  
  26  4:12  Probe (Chrono Boost)  
  27  4:21  Cybernetics Core  
  27  4:26  Probe (Chrono Boost)  
  28  4:33  Protoss Air Weapons Level 1, Protoss Ground Weapons Level 1  
  28  4:34  Protoss Ground Armor Level 1, Protoss Air Armor Level 1  
  28  4:40  Probe (Chrono Boost)  
  28  4:41  Protoss Shields Level 1  
  29  4:54  Probe (Chrono Boost)  
  30  5:08  Probe (Chrono Boost)  
  31  5:22  Probe (Chrono Boost)  
  31  5:27  Warp Gate  
  32  5:36  Probe (Chrono Boost)  
  32  5:37  Gateway  
  33  5:47  Gateway  
  36  5:50  Probe (Chrono Boost)  
  34  6:03  Probe (Chrono Boost)  
  35  6:17  Probe (Chrono Boost)  
  36  6:24  Death Council  
  36  6:27  Cloaking Module  
  36  6:38  Robotics Facility  
  36  6:41  Pylon  
  36  6:45  Pylon  
  36  6:48  Pylon  
  36  7:09  Havoc  
  37  7:10  Slayer x2  
  41  7:27  Bloodshard Resonance  
  41  7:28  Phase Blink  
  41  7:49  Protoss Ground Weapons Level 2, Protoss Air Weapons Level 2  
  41  7:50  Protoss Air Armor Level 2, Protoss Ground Armor Level 2  
  41  8:04  Slayer  
  41  8:05  Slayer x2  
  47  8:28  Phasing Armor  
  47  9:25  Slayer x2  
  47  9:26  Slayer  
  53  10:29  Slayer x3  
  59  10:59  Protoss Shields Level 2  
  59  11:28  Robotics Bay  
  59  11:38  Protoss Air Weapons Level 3, Protoss Ground Weapons Level 3  
  59  11:57  Protoss Ground Armor Level 3, Protoss Air Armor Level 3  
  59  12:04  Vanguard  
  63  12:15  Robotics Facility  
  63  12:21  Gateway  
  63  12:22  Gateway  
  63  12:23  Gateway  
  63  12:34  Pylon  
  63  12:36  Pylon  
  63  12:39  Pylon  
  63  12:42  Slayer  
  63  12:43  Pylon, Slayer x2  
  63  12:48  Pylon  
  69  12:52  Pylon  
  69  12:56  Pylon  
  69  12:59  Vanguard, Pylon  
  73  13:38  Fusion Mortars  
  73  13:45  Detect Weakness  
  73  13:56  Slayer x2  
  73  13:57  Slayer  
  79  14:34  Slayer  
  79  14:35  Slayer  
  79  14:36  Slayer x2  
  79  14:38  Matter Dispersion  
  87  14:49  Slayer  
  89  14:50  Slayer  
  91  15:14  Slayer x2  
  91  15:15  Slayer  
  91  15:16  Slayer  
  99  15:38  Aerial Tracking  
  100  15:42  Probe (Chrono Boost)  
  100  15:49  Vanguard x2  
  100  16:38  Rapid Power Cycling  
  90  16:47  Slayer x3  
  90  16:48  Slayer x2  
  90  16:49  Slayer  
  102  17:14  Vanguard x2  
  110  19:31  Vanguard x2  
  118  20:29  Vanguard x2  
  126  21:24  Vanguard x2  
  134  22:02  Pylon  
  134  22:05  Pylon  
  134  22:07  Pylon  
  134  22:11  Pylon  
  134  22:14  Pylon  
  134  22:16  Slayer  
  134  22:17  Pylon, Slayer  
  134  22:23  Pylon  
  134  22:26  Pylon  
  134  22:27  Vanguard  
  134  22:28  Slayer  
  134  22:29  Pylon, Slayer  
  142  22:30  Wraithwalker  
  142  22:38  Pylon  
  148  22:42  Pylon  
  148  22:44  Pylon  
  148  22:46  Pylon  
  148  22:49  Pylon  
  148  22:51  Pylon  
  148  23:21  Wraithwalker  
  152  23:45  Vanguard  
  148  24:24  Slayer  
  148  24:25  Slayer x3  
  148  24:26  Slayer  
  148  24:27  Slayer  
  160  24:36  Vanguard  
  164  24:40  Vanguard  
  168  25:31  Wraithwalker  
  168  25:35  Wraithwalker  
  180  26:46  Vanguard  
  184  26:50  Vanguard  
  180  27:41  Wraithwalker  
  180  27:45  Vanguard  
  178  28:06  Slayer x2  
  178  28:07  Slayer x2  
  178  28:08  Slayer  
  178  28:09  Slayer  
  190  28:40  Vanguard  
  194  28:56  Vanguard  
  186  30:06  Probe (Chrono Boost)  
  177  30:23  Probe (Chrono Boost)  
  178  30:30  Havoc  
  180  30:40  Probe (Chrono Boost)  
  180  30:42  Vanguard x2  
  188  30:57  Probe (Chrono Boost)  
  189  31:13  Probe (Chrono Boost)  
  191  31:30  Probe (Chrono Boost)  
  191  31:37  Vanguard  
  195  31:47  Probe (Chrono Boost)  
Tags
 
Commander
AlarakSwann
Matchup
Co-op
Replay Pack
Multiplayer
Add a new tag
Caveats
  • Supply blocks, unpowered buildings, or Contaminate may cause inaccurate times.
  • Supply counts are checked every 10 seconds.